 Dungeon Crawl Stone Soup version 0.27-a0-95-g5a9077b8ae (webtiles) character file.

Game seed: 5917501388005823706

12869 Gwrg the Thaumaturge (level 11, -3/82 HPs)
             Began as a White Draconian Fire Elementalist on Jan 15, 2021.
             Was an Elder of Makhleb.
             Slain by a boulder beetle (29 damage)
             ... on level 11 of the Dungeon on Jan 18, 2021.
             The game lasted 04:52:10 (19543 turns).

Gwrg the Thaumaturge (DrFE)                        Turns: 19543, Time: 04:52:10

Health: -3/82      AC: 12    Str: 11    XL:     11   Next: 68%
Magic:  24/32      EV: 14    Int: 18    God:    Makhleb [****..]
Gold:   649        SH:  0    Dex: 12    Spells: 8/27 levels left

rFire    . . .     SeeInvis .   K - staff of conjuration
rCold    + . .     Faith    .   (no shield)
rNeg     . . .     Spirit   .   (armour unavailable)
rPois    .         Reflect  .   (helmet restricted)
rElec    .         Harm     .   S - +2 cloak {Will+}
rCorr    .         Rampage  .   j - +0 pair of gloves
Will     +....                  E - +0 pair of boots
Stlth    +++.......             H - amulet of the acrobat
HPRegen  0.23/turn              T - ring of magical power
MPRegen  0.23/turn              M - ring of wizardry

@: no status effects
A: breathe frost, unfitting armour, cold resistance 1, cold-blooded, AC +7
a: Breathe Frost, Renounce Religion, Minor Destruction, Lesser Servant of
Makhleb, Major Destruction


You were on level 11 of the Dungeon.
You worshipped Makhleb.
Makhleb was greatly pleased with you.
You visited 2 branches of the dungeon, and saw 12 of its levels.

You collected 649 gold pieces.

Inventory:

Hand Weapons
 b - a +3 dagger of holy wrath
 I - a +2 halberd of venom
 N - a +1 whip of flaming
 R - a +4 quarterstaff of chaos
 V - a +3 hunting sling
Missiles
 i - 88 sling bullets
 v - 8 boomerangs
 P - 2 throwing nets
 X - 26 poisoned darts
Armour
 j - a +0 pair of gloves (worn)
 l - a +0 cloak of preservation
 z - a scarf of invisibility
 E - a +0 pair of boots (worn)
 S - a +2 cloak of willpower (worn)
Magical Staves
 J - an uncursed staff of death
 K - an uncursed staff of conjuration (weapon)
Jewellery
 r - an uncursed ring of flight
 u - an uncursed ring of positive energy
 A - a +6 ring of dexterity
 H - an amulet of the acrobat (around neck)
 M - a ring of wizardry (right hand)
 T - a ring of magical power (left hand)
Wands
 s - a wand of enslavement (10)
 x - a wand of disintegration (10)
 D - a wand of acid (1)
 Q - a wand of paralysis (15)
 W - a wand of iceblast (7)
 Y - a wand of digging (4)
Scrolls
 a - a scroll of holy word {unknown}
 d - 3 scrolls of identify
 e - 7 scrolls of remove curse
 f - a scroll of torment {unknown}
 k - a scroll of blinking {unknown}
 m - a scroll of noise {unknown}
 n - 2 scrolls of immolation
 q - a scroll of fear
 t - 2 scrolls of fog
 y - 2 scrolls of amnesia
 B - a scroll of brand weapon {unknown}
 C - 2 scrolls of enchant weapon
 L - a scroll of teleportation {unknown}
 O - 2 scrolls of magic mapping {unknown}
Potions
 c - 4 potions of curing
 g - a potion of resistance {unknown}
 h - 2 potions of attraction
 o - 4 potions of brilliance
 p - a potion of heal wounds {unknown}
 w - 5 potions of lignification
 F - a potion of haste {unknown}
 G - 2 potions of flight {unknown}
 U - 3 potions of magic {unknown}


   Skills:
 + Level 3.1 Fighting
 - Level 2.8 Short Blades
 + Level 1.7 Staves
 + Level 0.7 Throwing
 + Level 5.2 Dodging
 + Level 4.8 Stealth
 + Level 8.5 Spellcasting
 + Level 8.0 Conjurations
 + Level 7.1 Fire Magic
 * Level 5.3 Ice Magic
 * Level 8.1 Invocations


You had 8 spell levels left.
You knew the following spells:

 Your Spells              Type           Power        Failure   Level
a - Foxfire               Conj/Fire      100%         1%          1
b - Conjure Flame         Conj/Fire      51%          1%          3
c - Sticky Flame          Conj/Fire      51%          1%          4
d - Freezing Cloud        Conj/Ice/Air   17%          63%         6
e - Fireball              Conj/Fire      25%          4%          5

Your spell library contained the following spells:

 Spells                   Type           Power        Failure   Level
 Inner Flame              Hex/Fire       20%          2%          3
 Mephitic Cloud           Conj/Pois/Air  26%          4%          3
 Poisonous Vapours        Pois/Air       14%          6%          2


Dungeon Overview and Level Annotations

Branches:
Dungeon (11/15)            Temple (1/1) D:4            Lair (0/6) D:11
    Orc (0/2) D:11

Altars:
Ashenzari
Elyvilon
Hepliaklqana
Kikubaaqudgha
Makhleb
Nemelex Xobeh
Okawaru
Qazlal
Sif Muna
Trog
Wu Jian
Xom
Yredelemnul
The Shining One
Beogh

Shops:
D:9 :   D:11 (

Annotations:
D:10 7 runed translucent doors, SkaryMonk's ghost, journeyman OpTm


Innate Abilities, Weirdness & Mutations

You can breathe waves of freezing cold.
You can buffet flying creatures when you breathe cold.
Your icy white scales are hard. (AC +7)
You cannot fit into any form of body armour.
Your flesh is cold resistant. (rC+)
You are cold-blooded and may be slowed by cold attacks.


Message History

Casting: Fireball (dangerous; 4% risk of failure)
Confirm with . or Enter, or press ? or * to list all spells.
Aiming: Sticky Flame (dangerous; 1% risk of failure)
Press: ? - help, Shift-Dir - straight line, f/p - boulder beetle
Aim: a boulder beetle (0% to evade)
You feel a surge of power!
The sticky flame hits the boulder beetle but does no damage.
The boulder beetle is covered in liquid flames!
A nearby plant withers and dies.
The boulder beetle burns!
The boulder beetle barely misses you.
The boulder beetle stops rolling and uncurls.
The boulder beetle burns!
The boulder beetle curls into a ball and begins rolling!
The boulder beetle burns!
The boulder beetle burns!
The boulder beetle stops burning.
The boulder beetle hits you!!!
Ouch! That really hurt!
The boulder beetle stops rolling and uncurls.
A demon appears!
The boulder beetle bites you!!
You die...

.P.P...P....†P.# ##......
P.P..>.P.P....# #...####
.P.P.........P# #.#.#...
.....P..PP.P..#### #.#.#.#.
...P.P...........# #.#.#...
......P.P.P○.○÷#.# #.#.#.#.
..P........P.###°# .#.#.###.
......P.P....# #B# #.#.......
.............# #@# #.###.####
#..P.....PP..# #3#######.....####
#...P..P.......#.##.......#####..
###..P..P###..>#..†.......# #....
######## #...####.......# #.#.#
#### #.......# #.# #.......# #.#
#####.### # #.# #.# #.#..


You could see a boulder beetle and a friendly smoke demon (summoned).

Vanquished Creatures
  A boulder beetle (D:11)
  2 two-headed ogres
  2 unseen horrors
  Pikel (D:5)
  Psyche (D:9)
  A centaur skeleton (D:11)
  A komodo dragon (D:11)
  A troll (D:10)
  The ghost of rlgrobin the Sneak, an amateur KoDe (D:4)
  The ghost of Conn the Sneak, an amateur OpFE (D:3)
  12 yaks
  An acid dragon (D:11)
  5 water moccasins
  3 ice beasts
  7 orc warriors
  5 sky beasts
  3 black bears
  3 ogres
  5 centaurs
  2 lemures (D:5)
  A big kobold (D:8)
  5 bullfrogs
  A water moccasin zombie (D:4)
  2 water moccasin skeletons
  5 scorpions
  3 wights (D:7)
  10 killer bees
  A bullfrog zombie (D:6)
  A quasit (D:8)
  3 jellies
  A crimson imp (D:8)
  4 hounds
  Crazy Yiuf (D:6)
  A bullfrog skeleton (D:6)
  9 orc priests
  A gnoll shaman (D:3)
  Ijyb (D:4)
  3 iguanas
  17 orc wizards
  7 worker ants
  A hound zombie (D:4)
  3 hound skeletons
  3 worker ant zombies
  A howler monkey skeleton (D:6)
  19 adders
  21 gnolls
  A river rat (D:4)
  3 shadow imps
  5 white imps
  3 ufetubi
  3 oozes
  2 adder zombies
  3 adder skeletons
  3 worms
  A dart slug (D:1)
  7 leopard geckos
  35 orcs
  5 giant cockroaches
  20 goblins
  9 hobgoblins
  4 quokkas
  5 ball pythons
  7 bats
  6 frilled lizards
  A jackal zombie (D:6)
  15 kobolds
  3 leopard gecko zombies
  A quokka skeleton (D:6)
  2 quokka zombies
  12 rats
339 creatures vanquished.

Vanquished Creatures (collateral kills)
  A wraith (D:11)
  8 foxfires
9 creatures vanquished.

Vanquished Creatures (others)
  756 foxfires
  28 fungi (D:11)
  86 plants
  2 withered plants (D:4)
872 creatures vanquished.

Grand Total: 1220 creatures vanquished

Notes
Turn   | Place    | Note
-------+----------+-------------------------------------------
     0 | D:1      | Gwrg the Draconian Fire Elementalist began the quest for
                  | the Orb.
     0 | D:1      | Reached XP level 1. HP: 14/14 MP: 3/3
   445 | D:1      | Reached XP level 2. HP: 20/20 MP: 3/5
  1027 | D:1      | Reached XP level 3. HP: 26/26 MP: 4/6
  2147 | D:2      | Reached XP level 4. HP: 21/34 MP: 1/7
  2662 | D:2      | Found a glowing golden altar of the Shining One.
  3386 | D:3      | Found a sparkling altar of Nemelex Xobeh.
  3810 | D:3      | Reached skill level 1 in Short Blades
  4101 | D:3      | Reached XP level 5. HP: 37/39 MP: 9/9
  4133 | D:3      | Reached skill level 1 in Fighting
  4387 | D:3      | Found a runed translucent gate.
  4388 | D:3      | Found a runed translucent gate.
  4388 | D:3      | Found a runed translucent gate.
  4390 | D:3      | Noticed Conn's ghost (amateur OpFE)
  4501 | D:3      | Found a burning altar of Makhleb.
  4501 | D:3      | Found a basalt altar of Yredelemnul.
  4501 | D:3      | Found an ornate altar of the Wu Jian Council.
  4507 | D:3      | Found a stormy altar of Qazlal.
  4524 | D:3      | Became a worshipper of Makhleb the Destroyer
  5161 | D:3      | Reached XP level 6. HP: 34/47 MP: 6/10
  5843 | D:3      | Killed Conn's ghost
  5844 | D:3      | Your scales start taking on an icy white colour.
  5844 | D:3      | Reached XP level 7. HP: 12/52 MP: 5/13
  5844 | D:3      | Gained mutation: Your flesh is cold resistant. (rC+) [White
                  | Draconian growth]
  6099 | D:3      | Upgraded the game from 0.27-a0-91-g4f573a835d to
                  | 0.27-a0-93-g19769c27d7
  6146 | D:4      | Reached * piety under Makhleb
  6195 | D:4      | Found a runed translucent door.
  6200 | D:4      | Noticed rlgrobin's ghost (amateur KoDe)
  6217 | D:4      | Killed rlgrobin's ghost
  6218 | D:4      | Reached skill level 1 in Invocations
  6227 | D:4      | HP: 2/53 [river rat (10)]
  6471 | D:4      | Found a runed translucent door.
  6494 | D:4      | Found a staircase to the Ecumenical Temple.
  6507 | Temple   | Entered the Ecumenical Temple
  6764 | D:4      | Noticed Ijyb
  6777 | D:4      | Killed Ijyb
  7486 | D:4      | Reached XP level 8. HP: 57/61 MP: 9/15
  7986 | D:5      | Entered Level 5 of the Dungeon
  8063 | D:5      | Learned a level 3 spell: Conjure Flame
  8068 | D:5      | Learned a level 4 spell: Sticky Flame
  8200 | D:5      | Reached ** piety under Makhleb
  8620 | D:5      | Reached skill level 5 in Spellcasting
  8919 | D:5      | Noticed Pikel
  9033 | D:5      | Killed Pikel
  9034 | D:5      | Reached XP level 9. HP: 27/67 MP: 2/17
  9652 | D:5      | Found a broken altar of Ashenzari.
  9954 | D:6      | Found a runed translucent door.
  9955 | D:6      | Noticed Crazy Yiuf
  9964 | D:6      | Killed Crazy Yiuf
  9965 | D:6      | Reached skill level 5 in Conjurations
 10534 | D:6      | Reached skill level 5 in Fire Magic
 10710 | D:6      | Reached skill level 1 in Staves
 10849 | D:6      | Found a hazy altar of Hepliaklqana.
 11391 | D:7      | Reached *** piety under Makhleb
 11618 | D:7      | Reached skill level 5 in Invocations
 13193 | D:8      | Found an ancient bone altar of Kikubaaqudgha.
 13558 | D:8      | Reached XP level 10. HP: 74/74 MP: 18/19
 14209 | D:8      | Identified a scroll of acquirement
 14210 | D:8      | Acquired a book of Clouds
 14219 | D:8      | Learned a level 6 spell: Freezing Cloud
 14220 | D:8      | Upgraded the game from 0.27-a0-93-g19769c27d7 to
                  | 0.27-a0-95-g5a9077b8ae
 14712 | D:8      | Reached **** piety under Makhleb
 15047 | D:8      | Reached skill level 1 in Ice Magic
 15295 | D:9      | Found Peomuf's Book Shoppe.
 15773 | D:9      | Noticed a two-headed ogre
 15896 | D:8      | Learned a level 5 spell: Fireball
 15968 | D:8      | Killed a two-headed ogre
 16256 | D:9      | Noticed Psyche
 16262 | D:9      | Killed Psyche
 16365 | D:9      | Noticed a two-headed ogre
 16378 | D:9      | Killed a two-headed ogre
 16379 | D:9      | Reached skill level 5 in Dodging
 16559 | D:9      | Found an ornate altar of the Wu Jian Council.
 16688 | D:10     | Entered Level 10 of the Dungeon
 16688 | D:10     | Found a runed translucent gate.
 16688 | D:10     | Found a runed translucent gate.
 16690 | D:10     | Noticed SkaryMonk's ghost (journeyman OpTm)
 16824 | D:10     | Identified the +3 chain mail of Gidaang {rElec rN+++ Will++
                  | Slay-5}
 16824 | D:10     | Found a runed translucent gate.
 16825 | D:10     | Reached XP level 11. HP: 81/81 MP: 22/22
 17281 | D:10     | Killed an unseen horror
 17638 | D:10     | Found a roughly hewn altar of Beogh.
 17638 | D:10     | Identified the +5 ring mail of Patterns {Regen+ Int+2}
 18048 | D:10     | Found a huge runed translucent gate.
 18048 | D:10     | Found a huge runed translucent gate.
 18048 | D:10     | Found a huge runed translucent gate.
 18048 | D:10     | Found a huge runed translucent gate.
 18374 | D:11     | Found a staircase to the Orcish Mines.
 18522 | D:11     | Noticed a boulder beetle
 18558 | D:11     | Killed a boulder beetle
 19003 | D:11     | Found Tyun's Weapon Boutique.
 19138 | D:11     | Killed an unseen horror
 19139 | D:11     | Reached skill level 5 in Ice Magic
 19238 | D:11     | Found a staircase to the Lair.
 19469 | D:11     | Noticed a boulder beetle
 19543 | D:11     | Slain by a boulder beetle

Illustrated notes

Levels and vault maps discovered:
D:1:      scummos_arrival_hexagon, layout_rooms
D:2:      layout_loops_corners, tso_metal_star, serial_forest,
          infiniplex_forest_join, infiniplex_forest_lined_ring,
          infiniplex_forest_zigzag_2, infiniplex_forest_diagonal,
          infiniplex_forest_3_way, infiniplex_forest_end_1,
          infiniplex_forest_straight_2, infiniplex_forest_clump_tiny
D:3:      minmay_bubble_buster, layout_loops_ring,
          chequers_temple_overflow_statue_of_worship,
          nemelex_xobeh_ov_fountains_minmay, ebering_ghost_rock_garden
D:4:      layout_basic, minmay_temple_entry_slanted, serial_undead,
          serial_undead_d, serial_undead_c, serial_undead_a, serial_undead_a,
          ebering_ghost_sewer_f, serial_bayou_lagoon_a,
          minmay_misc_feat_columns, uniq_ijyb
D:5:      layout_basic, general_overflow_altar, nzn_random_ring, uniq_pikel
D:6:      layout_loops_cross, nzn_hepliaklqana_mist_gate, serial_glass,
          glass_columns_c, glass_columns_c, uniq_crazy_yiuf_cottage
D:7:      minmay_evil_eye, layout_basic, kennysheep_generic_room_9
D:8:      layout_loops_corners, kiku_gazebo_pond_becter, minmay_fire_ice_demons
D:9:      layout_long_grid, serial_shops, shop, basic_altar, uniq_psyche
D:10:     lemuel_bear_cage, layout_rooms, biasface_ghost_orc_armoury,
          hangedman_abyss_or_decor_passed
D:11:     layout_basic, due_lair_maze_entry_diamond, orc_0_dummy, serial_shops,
          kennysheep_mini_moat, kennysheep_mini, shop, minivault_11
Temple:   nicolae_temple_god_jail

Skill      XL: |  1  2  3  4  5  6  7  8  9 10 11 |
---------------+----------------------------------+-----
Dodging        | 2 3 4 5 |  5.2
Stealth        | 2 3 4 |  4.8
Short Blades   | 1 2 |  2.8
Fighting       | 1 2 3 |  3.1
Spellcasting   | 3 4 5 6 7 8 |  8.5
Conjurations   | 2 3 4 6 7 8 |  8.0
Fire Magic     | 4 3 4 5 6 7 |  7.1
Invocations    | 2 4 5 7 8 |  8.1
Staves         | 1 |  1.7
Ice Magic      | 3 5 |  5.3
Throwing       | |  0.7

Action                   |  1- 3 |  4- 6 |  7- 9 | 10-12 || total
-------------------------+-------+-------+-------+-------++-------
Melee: Unarmed           |    53 |       |       |       ||    53
       Tailslap          |    21 |    10 |    14 |     2 ||    47
       Dagger            |    91 |   126 |   130 |     3 ||   350
       Staff             |       |       |    37 |    14 ||    51
 Fire: Hunting sling     |     1 |     1 |     2 |       ||     4
Throw: Boomerang         |       |     1 |       |       ||     1
       Dart              |       |       |       |     3 ||     3
 Cast: Foxfire           |    31 |   112 |   200 |   117 ||   460
       Conjure Flame     |       |       |     6 |     9 ||    15
       Sticky Flame      |       |       |    34 |   106 ||   140
       Fireball          |       |       |       |     8 ||     8
Invok: Lesser Servant of |       |       |       |     2 ||     2
 Abil: Breathe Frost     |       |       |     4 |     3 ||     7
  Use: Scroll            |       |     1 |    10 |     9 ||    20
       Potion            |       |       |     3 |       ||     3
 Stab: Sleeping          |     1 |     1 |     9 |     2 ||    13
Armor: Skin              |    40 |    27 |    75 |    60 ||   202
Dodge: Dodged            |    93 |    90 |   206 |   168 ||   557

Table legend: (Time is in decaauts)
 A = Elapsed time spent in this place.
 B = Non-inter-level travel time spent in this place.
 C = Inter-level travel time spent in this place.
 D = Time resting spent in this place.
 E = Time spent auto-exploring this place.
 F = Levels seen in this place.
 G = Mean time per level.
                   A        B        C        D        E       F      G
               +--------+--------+--------+--------+--------+-----+--------+
         Total |  19570 |  19423 |    147 |   8729 |   1630 |  12 | 1630.8 |
       Dungeon |  19367 |  19220 |    147 |   8576 |   1630 |  11 | 1760.6 |
        Temple |    203 |    203 |      0 |    153 |      0 |   1 |  203.0 |
               +--------+--------+--------+--------+--------+-----+--------+

Top non-repeatable levels by time:
     D:2: 3001 daAuts
     D:8: 2450 daAuts
     D:3: 2268 daAuts
     D:9: 1820 daAuts
     D:5: 1802 daAuts
     D:6: 1796 daAuts
     D:7: 1682 daAuts
     D:1: 1312 daAuts
    D:11: 1229 daAuts
     D:4: 1212 daAuts
    D:10: 791 daAuts
  Temple: 203 daAuts
